 Dungeon Crawl Stone Soup version 0.26-b1-32-g5d43845318 (webtiles) character file.

Game seed: 4344951620598019150

125 Aviak the Skirmisher (level 5, 0/29 (32) HPs)
             Began as a Tengu Abyssal Knight on Jan 12, 2021.
             Was a Believer of Lugonu.
             Succumbed to an adder's poison
             ... in a sewer.
             The game lasted 00:03:30 (2525 turns).

Aviak the Skirmisher (Tengu Abyssal Knight)         Turns: 2525, Time: 00:03:31

HP:   0/29 (32)     AC:  5    Str: 12    XL:     5   Next: 9%
MP:   7/7           EV:  9    Int: 12    God:    Lugonu [**....]
Gold: 138           SH:  4    Dex: 15    Spells: 4/4 levels left

rFire    . . .     SeeInvis .   a - +1 spear
rCold    . . .     Faith    .   k - +1 buckler
rNeg     . . .     Spirit   .   e - +0 ring mail
rPois    .         Reflect  .   (helmet restricted)
rElec    .         Harm     .   g - scarf {+Inv}
rCorr    .         Rampage  .   (no gloves)
Will     .....                  (boots unavailable)
Stlth    +.........             (no amulet)
HPRegen  0.09/turn              (no ring)
MPRegen  0.10/turn              (no ring)

@: lethally poisoned (0 -> -6), flying quickly and evasively, constricted,
drained, quick
A: beak, talons 3, able to fly
a: Renounce Religion, Evoke Invisibility, Depart the Abyss, Bend Space


You were in a sewer.
You worshipped Lugonu.
Lugonu was pleased with you.
You visited 1 branch of the dungeon, and saw 3 of its levels.
You visited the Abyss 1 time.
You also visited: Sewer.

You collected 138 gold pieces.

Inventory:

Hand Weapons
 a - a +1 spear (weapon)
Armour
 b - a +0 leather armour
 e - a +0 ring mail (worn)
 g - a scarf of invisibility (worn)
 k - a +1 buckler (worn)
 n - a cursed +0 kite shield
Scrolls
 d - a scroll of remove curse {unknown}
 f - a scroll of fog {unknown}
 j - a scroll of teleportation {unknown}
Potions
 c - 2 potions of brilliance


   Skills:
 + Level 3.6 Fighting
 + Level 3.1 Polearms
 + Level 3.1 Armour
 + Level 2.5 Dodging
 + Level 2.4 Invocations


You had 4 spell levels left.
You didn't know any spells.
Your spell library was empty.

Dungeon Overview and Level Annotations

Branches:
Dungeon (3/15)              Sewer (1/1)

Altars:


Innate Abilities, Weirdness & Mutations

You have a beak for a mouth.
You have claws for feet.
You can fly continuously.


Message History

The ball python bites you but does no damage.
The ball python closely misses you. The adder bites you.
* * * LOW HITPOINT WARNING * * *
You are lethally poisoned!
The adder poisons you! The ball python barely misses you. x2
Unknown command.
* * * LOW HITPOINT WARNING * * *
You feel sick. The adder closely misses you.
The ball python bites you but does no damage.
The ball python closely misses you.
* * * LOW HITPOINT WARNING * * *
You feel sick. The adder barely misses you.
The ball python bites you but does no damage.
The ball python grabs you. The ball python constricts you.
There is a gate leading back out of this place here.
You hit the ball python but do no damage.
The ball python closely misses you. The ball python constricts you.
You barely miss the adder. Your kick misses the adder.
You die...

###################
≈≈≈≈≈≈≈≈≈≈≈≈≈≈....##
≈≈≈≈≈≈.≈≈≈≈≈≈≈≈....#
≈≈≈≈#≈≈≈#≈≈≈≈≈SS@..#
≈≈÷÷≈≈≈≈≈≈≈≈≈r.S∩..#
≈≈≈÷.≈≈≈≈≈≈≈≈≈≈....#
≈≈≈≈≈≈≈≈≈≈≈≈≈≈....##
###################


You could see an adder, a river rat and 2 ball pythons.

Vanquished Creatures
  An adder (D:2)
  6 river rats
  An ooze (D:2)
  A worm (D:2)
  2 dart slugs
  2 leopard geckos
  2 ball pythons (Sewer)
  2 giant cockroaches
  5 hobgoblins
  3 jackals (D:1)
  3 kobolds
  A quokka (D:2)
  2 bats (D:2)
  3 frilled lizards
  7 goblins
  11 rats
52 creatures vanquished.

Vanquished Creatures (others)
  3 plants (D:2)
3 creatures vanquished.

Grand Total: 55 creatures vanquished

Notes
Turn   | Place    | Note
-------+----------+-------------------------------------------
     0 | Abyss:1  | Aviak the Tengu Abyssal Knight began the quest for the Orb.
     0 | Abyss:1  | Reached XP level 1. HP: 14/14 MP: 3/3
     3 | Abyss:1  | Found an iron altar of Okawaru.
    10 | D:1      | Escaped the Abyss
   592 | D:1      | Reached XP level 2. HP: 19/19 MP: 4/4
  1021 | D:2      | Reached XP level 3. HP: 23/23 MP: 5/5
  1239 | D:2      | Reached ** piety under Lugonu
  2086 | D:3      | Reached XP level 4. HP: 19/28 MP: 6/6
  2099 | D:3      | Found a glowing drain.
  2103 | Sewer    | Entered a sewer
  2448 | Sewer    | Gained mutation: You can fly continuously. [Tengu growth]
  2448 | Sewer    | Reached XP level 5. HP: 22/31 MP: 7/7
  2521 | Sewer    | HP: 1/29 [poisoned by an adder]
  2525 | Sewer    | Succumbed to an adder's poison

Illustrated notes

Levels and vault maps discovered:
D:1:      nzn_arrival_depleted_hourglass, layout_loops_ring,
          minmay_misc_feat_iff
D:2:      layout_loops_corners, serial_bayou_ford_a, guppyfry_early_lair_pool
D:3:      layout_loops_cross, nzn_wu_jian_council_hall, gup_sewer_entry_bowl,
          ebering_ghost_disaster_area
Sewer:    sewer_minmay_w

Skill      XL: |  1  2  3  4 |
---------------+-------------+-----
Invocations    | 2 |  2.4
Dodging        | 2 |  2.5
Armour         | 3 |  3.1
Polearms       | 3 |  3.1
Fighting       | |  3.6

Action                   |  1- 3 |  4- 6 || total
-------------------------+-------+-------++-------
Melee: Spear             |   124 |    56 ||   180
       Kick              |    26 |     9 ||    35
       Peck              |    16 |     7 ||    23
 Abil: Evoke Invisibilit |       |     1 ||     1
       Fly               |       |     1 ||     1
  Use: Scroll            |     3 |       ||     3
       Potion            |     1 |     3 ||     4
 Stab: Invisible         |       |     1 ||     1
Armor: Ring mail         |    20 |    12 ||    32
       Skin              |     1 |       ||     1
Dodge: Dodged            |    44 |    43 ||    87
Block: Buckler           |    13 |    21 ||    34
